 Dungeon Crawl Stone Soup version 0.20-a0-514-g839ffe0 (webtiles) character file.

17745 terra52 the Ogre Mage (level 12, -17/109 HPs)
             Began as an Ogre Fire Elementalist on Jan 23, 2017.
             Was a High Priest of Sif Muna.
             Demolished by a white ugly thing (30 damage)
             ... on level 11 of the Dungeon.
             The game lasted 01:08:37 (17360 turns).

terra52 the Ogre Mage (Ogre Fire Elementalist)     Turns: 17360, Time: 01:08:38

Health: -17/109    AC:  6    Str: 15    XL:     12   Next: 51%
Magic:  21/28      EV: 10    Int: 20    God:    Sif Muna [*****.]
Gold:   1026       SH:  0    Dex:  9    Spells: 13/36 levels left

rFire    . . .     SeeInvis .   l - +8 spear of Gluttony {pierce, rPois}
rCold    . . .     Gourm    +   m - +0 troll leather armour
rNeg     . . .     Faith    .   (no shield)
rPois    +         Spirit   .   (helmet restricted)
rElec    .         Reflect  .   z - +0 cloak
rCorr    .         Harm     .   (gloves unavailable)
MR       +....                  (boots unavailable)
Stlth    +++.......             T - amulet of the gourmand
Regen    0.7/turn               g - ring of wizardry
                                e - ring of stealth

@: about to teleport, divine energy
A: unfitting armour, tough skin 1
a: Stop Divine Energy, Channel Magic, Forget Spell, Renounce Religion


You were on level 11 of the Dungeon.
You worshipped Sif Muna.
Sif Muna was extremely pleased with you.
You were full.

You visited 3 branches of the dungeon, and saw 14 of its levels.

You collected 1026 gold pieces.

Inventory:

Hand Weapons
 l - the +8 spear of Gluttony (weapon) {pierce, rPois}
   (You found it on level 8 of the Dungeon)

   It inflicts extra damage upon your enemies.
   It protects you from poison.
 P - the +1 war axe of Lysar {chop, *Rage rElec Str+4 Int+3}
   (You found it on level 7 of the Dungeon)

   It inflicts extra damage upon your enemies.
   It affects your strength (+4).
   It affects your intelligence (+3).
   It insulates you from electricity.
   It may make you go berserk in combat.
Missiles
 n - 5 large rocks (quivered)
 J - 8 steel tomahawks
Armour
 m - a +0 troll leather armour (worn)
 z - a +0 cloak (worn)
 F - the +1 robe of the Devil {rF+ rN++ Int+4 Dex-4}
   (You found it on level 6 of the Dungeon)

   It affects your intelligence (+4).
   It affects your dexterity (-4).
   It protects you from fire.
   It greatly protects you from negative energy.
 Q - +0 ice dragon scales
 S - a +1 robe of magic resistance
Magical Staves
 s - an uncursed staff of summoning
 Y - an uncursed staff of cold
Jewellery
 a - an uncursed amulet of rage
 e - a ring of stealth (left hand)
 g - a ring of wizardry (right hand)
 E - a +2 ring of evasion
 K - an uncursed ring of positive energy
 T - an amulet of the gourmand (around neck)
Wands
 D - a wand of acid (13/15)
 I - a wand of confusion (48/48)
 O - a wand of lightning (4/15)
 R - a wand of iceblast (9/15)
Scrolls
 d - 3 scrolls of remove curse
 i - a scroll of fog
 q - 5 scrolls of recharging
 t - 3 scrolls of amnesia
 u - a scroll of magic mapping
 v - 2 scrolls of enchant weapon
 C - 3 scrolls of teleportation
Potions
 f - 9 potions of curing
 k - 3 potions of brilliance
 p - 5 potions of heal wounds
 r - 4 potions of flight
 w - 2 potions of might
 x - a potion of agility
 A - a potion of magic
 B - 2 potions of resistance
 G - 2 potions of cancellation {unknown}
 L - 2 potions of lignification {unknown}
 M - a potion of haste {unknown}
Books
 b - a book of Flames

   Spells                             Type                      Level
   a - Flame Tongue                   Conjuration/Fire             1
   b - Throw Flame                    Conjuration/Fire             2
   c - Conjure Flame                  Conjuration/Fire             3
   d - Inner Flame                    Hexes/Fire                   3
   e - Sticky Flame                   Conjuration/Fire             4
   f - Fireball                       Conjuration/Fire             5
 y - Utranuega's Almanac of Attacks
   (Sif Muna gifted it to you on level 10 of the Dungeon)

   Spells                             Type                      Level
   a - Sting                          Conjuration/Poison           1
   b - Static Discharge               Conjuration/Air              3
   c - Irradiate                      Conjuration/Transmutation    5
   d - Orb of Destruction             Conjuration                  7
   e - Delayed Fireball               Conjuration/Fire             7
 H - a book of Conjurations

   Spells                             Type                      Level
   a - Magic Dart                     Conjuration                  1
   b - Searing Ray                    Conjuration                  2
   c - Dazzling Spray                 Conjuration/Hexes            3
   d - Fulminant Prism                Conjuration/Hexes            4
   e - Iskenderun's Mystic Blast      Conjuration                  4
   f - Iskenderun's Battlesphere      Conjuration/Charms           5
Comestibles
 c - 9 bread rations
 h - a fruit
 j - 5 meat rations
 o - 8 royal jellies


   Skills:
 + Level 4.4 Fighting
 + Level 0.9(1.0) Axes
 + Level 0.8(1.2) Polearms
 + Level 0.6 Throwing
 + Level 1.0 Armour
 + Level 4.2 Dodging
 + Level 3.0 Stealth
 * Level 12.8 Spellcasting
 * Level 9.4 Conjurations
 * Level 10.4 Fire Magic


You had 13 spell levels left.
You knew the following spells:

 Your Spells              Type           Power        Failure   Level  Hunger
a - Flame Tongue          Conj/Fire      #####        1%          1    None
b - Sticky Flame          Conj/Fire      ######..     1%          4    None
c - Conjure Flame         Conj/Fire      ######..     1%          3    None
d - Inner Flame           Hex/Fire       ####....     1%          3    None
e - Throw Flame           Conj/Fire      ######       1%          2    None
f - Fireball              Conj/Fire      ######....   1%          5    ####...
g - Iskenderun's Battles  Conj/Chrm      ####....     12%         5    ####...


Dungeon Overview and Level Annotations

Branches:
Dungeon (11/15)            Temple (0/1) D:7            Lair (2/6) D:9
    Orc (1/2) D:10
  Swamp: Lair:2-4    Shoals: Lair:2-4     Snake: Lair:2-4    Spider: Lair:2-4

Altars:
Ashenzari
Dithmenos
Fedhas
Hepliaklqana
Nemelex Xobeh
Okawaru
Ru
Sif Muna
Vehumet
Yredelemnul
Zin
Beogh

Annotations:
D:6 pichaelthompson's ghost, novice DsBe
D:9 Yezarul's ghost, novice DsFi
D:11 Fannar; Nergalle


Innate Abilities, Weirdness & Mutations

You are too large for most types of armour.
You have tough skin. (AC +1)


Message History

Found a falchion.
The red ugly thing basks in the mutagenic energy from its kin and changes!
Found a scroll of identify.
The steam dragon breathes steam at you. The ball of steam hits you!
* * * LOW HITPOINT WARNING * * *
As you read the scroll of teleportation, it crumbles to dust.
You feel strangely unstable.
You are engulfed in a cloud of scalding steam.
* * * LOW HITPOINT WARNING * * *
You are engulfed in a cloud of scalding steam.
The white ugly thing is engulfed in a cloud of scalding steam.
Fannar the Cold-Hearted comes into view.
He is wielding a staff of cold.
You are engulfed in a cloud of scalding steam.
* * * LOW HITPOINT WARNING * * *
The white ugly thing is engulfed in a cloud of scalding steam. x2
The white ugly thing kicks you!
* * * LOW HITPOINT WARNING * * *
The white ugly thing freezes you!!
You die...

...................
..................
.......Z.........
........ZZ.....#
.....oZo.......
......Z..Z.....
.......Zu§.....
......Du§§..... #.#
.......@§§..... #.#
.).....§§§.....
#.#..
...............
#.#..
..?............
#.#.#
...............
#.#.#
..#######.e####
#.#.# .. ... #.#.##
.... ##.#..u
#...###


You could see Fannar, 2 ugly things, 2 spectral orcs, a spectral orc warrior, a
steam dragon and an orc warrior.

Vanquished Creatures
  Josephine (D:10)
  A hydra (Lair:1)
  3 two-headed ogres
  An unseen horror (D:10)
  Pikel (D:7)
  An ugly thing (D:10)
  A black mamba (Lair:1)
  2 elephants (Lair:2)
  2 spiny frogs
  A komodo dragon (Lair:1)
  2 rime drakes
  3 trolls
  A hornet (D:9)
  Prince Ribbit (D:7)
  3 hippogriffs
  10 yaks
  5 wraiths (D:10)
  4 hogs (D:9)
  A human (D:9)
  Menkaure (D:7)
  A hungry ghost (D:10)
  A two-headed ogre zombie (D:10)
  3 water moccasins
  An orc warrior (Orc:1)
  3 porcupines
  A slave (D:7)
  2 ice beasts
  A necrophage (D:10)
  A sky beast (D:9)
  11 ogres
  A phantom (D:10)
  4 centaurs
  2 crocodiles (Lair:1)
  2 big kobolds
  3 bullfrogs
  A gnoll sergeant (D:7)
  A wyvern zombie (D:9)
  4 scorpions
  A troll zombie (D:10)
  4 killer bees (D:10)
  A wight (D:9)
  3 howler monkeys
  5 crimson imps
  A quasit (D:10)
  A bullfrog skeleton (D:4)
  9 jellies
  Crazy Yiuf (D:3)
  A centaur skeleton (D:4)
  7 hounds
  12 orc priests
  7 orc wizards
  3 gnoll shamans (D:3)
  Jessica (D:4)
  4 iguanas
  9 worker ants
  A killer bee zombie (D:7)
  6 ogre zombies (D:10)
  A hound skeleton (D:7)
  A worker ant zombie (D:6)
  7 adders
  57 gnolls
  2 shadow imps
  An ooze (D:3)
  An adder skeleton (D:8)
  3 worms
  A dart slug (D:3)
  10 leopard geckos
  23 orcs
  7 giant cockroaches
  5 goblins
  8 hobgoblins
  22 jackals
  20 kobolds
  4 quokkas
  A ball python skeleton (D:4)
  3 bats
  8 frilled lizards
  2 gnoll zombies (D:3)
  3 goblin skeletons (D:10)
  2 goblin zombies (D:10)
  3 hobgoblin skeletons (D:10)
  4 hobgoblin zombies (D:10)
  A leopard gecko skeleton (D:4)
  2 orc skeletons (D:10)
  11 orc zombies (D:10)
  A quokka zombie (D:8)
  9 rats
388 creatures vanquished.

Vanquished Creatures (others)
  A slave (D:7)
  An orc (D:7)
  A plant (Lair:2)
3 creatures vanquished.

Grand Total: 391 creatures vanquished

Notes
Turn   | Place    | Note
-------+----------+-------------------------------------------
     0 | D:1      | terra52 the Ogre Fire Elementalist began the quest for the Orb.
     0 | D:1      | Reached XP level 1. HP: 16/16 MP: 3/3
   208 | D:1      | Reached XP level 2. HP: 24/24 MP: 1/5
   239 | D:1      | Reached skill level 1 in Conjurations
   334 | D:1      | Reached XP level 3. HP: 31/31 MP: 3/6
   819 | D:2      | Reached skill level 3 in Spellcasting
  1192 | D:2      | Reached XP level 4. HP: 39/39 MP: 3/8
  1577 | D:2      | Found a faded altar of an unknown god.
  1755 | D:3      | Found a runed door.
  1779 | D:3      | Learned a level 4 spell: Sticky Flame
  1783 | D:3      | Learned a level 3 spell: Conjure Flame
  1783 | D:3      | Noticed Crazy Yiuf
  1789 | D:3      | Killed Crazy Yiuf
  1789 | D:3      | Reached XP level 5. HP: 45/45 MP: 0/10
  1895 | D:3      | Found a sacrificial altar of Ru.
  2376 | D:3      | Found a basalt altar of Yredelemnul.
  2772 | D:4      | Reached skill level 4 in Spellcasting
  2772 | D:4      | Reached XP level 6. HP: 47/54 MP: 5/12
  2840 | D:4      | Noticed Jessica
  2845 | D:4      | Learned a level 3 spell: Inner Flame
  2850 | D:4      | Learned a level 2 spell: Throw Flame
  2856 | D:4      | Killed Jessica
  2919 | D:4      | Found a deep blue altar of Sif Muna.
  3433 | D:4      | Found a shadowy altar of Dithmenos.
  3436 | D:4      | Found a blossoming altar of Fedhas.
  3495 | D:4      | Reached XP level 7. HP: 61/61 MP: 4/14
  3753 | D:5      | Entered Level 5 of the Dungeon
  3852 | D:4      | Became a worshipper of Sif Muna the Loreminder
  3857 | D:4      | Reached skill level 5 in Fire Magic
  3940 | D:5      | Reached skill level 1 in Fighting
  3940 | D:5      | Reached skill level 5 in Spellcasting
  4146 | D:5      | Found a hazy altar of Hepliaklqana.
  4548 | D:5      | Reached XP level 8. HP: 59/70 MP: 12/16
  4982 | D:6      | Got a bloodstained robe
  4993 | D:6      | Identified the cursed +1 robe of the Devil {rF+ rN++ Int+4 Dex-4} (You found it on level 6 of the Dungeon)
  5009 | D:6      | Found a shattered altar of Ashenzari.
  5110 | D:6      | Noticed pichaelthompson's ghost (novice DsBe)
  5136 | D:5      | Reached * piety under Sif Muna
  5340 | D:6      | Reached skill level 6 in Spellcasting
  5370 | D:6      | Found a sparkling altar of Nemelex Xobeh.
  6040 | D:6      | Found a radiant altar of Vehumet.
  6040 | D:6      | Found an iron altar of Okawaru.
  6190 | D:7      | Got a brightly glowing war axe
  6196 | D:7      | Identified the cursed +1 war axe of Lysar {chop, *Rage rElec Str+4 Int+3} (You found it on level 7 of the Dungeon)
  6515 | D:7      | Noticed Prince Ribbit
  6521 | D:7      | Killed Prince Ribbit
  6521 | D:7      | Reached skill level 7 in Spellcasting
  6540 | D:7      | Reached ** piety under Sif Muna
  6542 | D:7      | Reached skill level 5 in Conjurations
  6543 | D:7      | Noticed a hippogriff
  6743 | D:7      | Reached XP level 9. HP: 49/79 MP: 7/19
  6878 | D:7      | Learned a level 5 spell: Fireball
  6900 | D:7      | Noticed Pikel
  6983 | D:7      | Killed Pikel
  6983 | D:7      | Reached skill level 8 in Spellcasting
  7395 | D:7      | Found a staircase to the Ecumenical Temple.
  7529 | D:7      | Noticed Menkaure
  7530 | D:7      | Killed Menkaure
  7746 | D:3      | Reached *** piety under Sif Muna
  7758 | D:3      | Reached skill level 9 in Spellcasting
  8054 | D:3      | Reached XP level 10. HP: 73/87 MP: 16/23
  9026 | D:8      | Noticed a two-headed ogre
  9036 | D:8      | Killed a two-headed ogre
  9036 | D:8      | Reached **** piety under Sif Muna
  9403 | D:8      | Got a steaming spear
  9404 | D:8      | Identified the +8 spear of Gluttony {pierce, rPois} (You found it on level 8 of the Dungeon)
  9753 | D:8      | Found a glowing silver altar of Zin.
 10324 | D:9      | Noticed Yezarul's ghost (novice DsFi)
 10587 | D:9      | Reached skill level 10 in Spellcasting
 11330 | D:9      | Found a staircase to the Lair.
 11748 | D:9      | Reached XP level 11. HP: 48/97 MP: 5/25
 12159 | D:10     | Entered Level 10 of the Dungeon
 12197 | Lair:1   | Entered Level 1 of the Lair of Beasts
 12217 | Lair:1   | Noticed a six-headed hydra
 12236 | D:9      | Reached ***** piety under Sif Muna
 12557 | D:10     | Noticed a brown ugly thing
 12569 | D:10     | Killed a brown ugly thing
 12569 | D:10     | Reached skill level 11 in Spellcasting
 12947 | D:10     | Found a staircase to the Orcish Mines.
 12949 | D:10     | Noticed a two-headed ogre
 12951 | D:10     | Identified Utranuega's Almanac of Attacks (Sif Muna gifted it to you on level 10 of the Dungeon)
 12951 | D:10     | Received a gift from Sif Muna
 12959 | D:10     | Killed a two-headed ogre
 14074 | D:10     | Noticed Josephine
 14082 | D:10     | Killed Josephine
 14094 | D:10     | Gained mutation: Your body sometimes deteriorates upon taking damage. [potion of mutation]
 14094 | D:10     | Gained mutation: You are agile. (Dex +2) [potion of mutation]
 14094 | D:10     | Gained mutation: You are very agile. (Dex +4) [potion of mutation]
 14095 | D:10     | Lost mutation: Your body sometimes deteriorates upon taking damage. [potion of cure mutation]
 14095 | D:10     | Lost mutation: You are very agile. (Dex +4) [potion of cure mutation]
 14095 | D:10     | Lost mutation: You are agile. (Dex +2) [potion of cure mutation]
 14281 | D:10     | Noticed an unseen horror
 14285 | D:10     | Killed an unseen horror
 14425 | D:10     | Noticed a two-headed ogre
 14432 | D:10     | Killed a two-headed ogre
 14583 | D:10     | Reached skill level 12 in Spellcasting
 14703 | Orc:1    | Entered Level 1 of the Orcish Mines
 14807 | Orc:1    | Found a roughly hewn altar of Beogh.
 15037 | Orc:1    | Noticed a stone giant
 15165 | Lair:1   | Killed a six-headed hydra
 15165 | Lair:1   | Reached XP level 12. HP: 53/107 MP: 15/28
 15170 | D:9      | Reached skill level 10 in Fire Magic
 16093 | Lair:1   | Found a deep blue altar of Sif Muna.
 16455 | Lair:1   | Received a gift from Sif Muna
 16478 | Lair:1   | Learned a level 5 spell: Iskenderun's Battlesphere
 16936 | Lair:2   | Reached skill level 1 in Armour
 17344 | D:11     | Noticed Nergalle
 17360 | D:11     | Noticed Fannar
 17360 | D:11     | Demolished by a white ugly thing

Vault maps used:
D:1:      lightli_arrival_statue_moat
D:2:      chequers_ecumenical_altar_twisty, st_stairs_8,
          kennysheep_generic_room_2
D:3:      lemuel_castle_with_subvaults, nicolae_ru_sacrificial_ziggurat,
          lemuel_zombie_altar_yredelemnul, uniq_crazy_yiuf_cottage
D:4:      nicolae_overflow_hidden_temple, tgw_sif
D:5:      lemuel_coloured_pillars_altar, first_bread, kennysheep_generic_room_5
D:6:      nicolae_ashenzari_panopticon, gammafunk_temple_overflow_pools,
          nemelex_xobeh_ov_fountains_minmay
D:7:      minmay_temple_entry_mist, bh_walls_and_bars, uniq_pikel,
          uniq_menkaure, uniq_prince_ribbit1
D:8:      zin_scriptorium
D:9:      lair_entry_dummy, grunt_livestock
D:10:     zombieorc2_lemuel, uniq_josephine
D:11:     uniq_nergalle, uniq_gastronok, uniq_fannar
Lair:1:   basic_altar, eino_small_chamber_without_monster, grunt_megastairs_4
Orc:1:    basic_altar

Skill      XL: |  1  2  3  4  5  6  7  8  9 10 11 12 |
---------------+-------------------------------------+-----
Fire Magic     | 3 4 5 6 7 8 9 10 | 10.4
Dodging        | 2 3 4 |  4.2
Conjurations   | 1 2 3 5 6 7 8 9 |  9.4
Spellcasting   | 3 4 5 7 9 10 12 | 12.8
Fighting       | 1 2 3 4 |  4.4
Stealth        | 2 3 |  3.0
Armour         | 1 |  1.0
Axes           | |  0.9
Polearms       | |  0.8
Throwing       | |  0.6

Action                   |  1- 3 |  4- 6 |  7- 9 | 10-12 || total
-------------------------+-------+-------+-------+-------++-------
Melee: Whip              |     2 |       |       |       ||     2
       Staff             |       |     1 |       |       ||     1
       Quarterstaff      |       |     1 |     8 |       ||     9
       War axe           |       |       |    18 |    16 ||    34
       Spear             |       |       |       |    10 ||    10
Throw: Large rock        |       |       |     7 |       ||     7
       Tomahawk          |       |       |     5 |       ||     5
 Cast: Flame Tongue      |    53 |   136 |   244 |   410 ||   843
       Conjure Flame     |       |     2 |     1 |     4 ||     7
       Throw Flame       |       |     2 |     1 |     6 ||     9
       Sticky Flame      |       |       |    10 |    78 ||    88
       Fireball          |       |       |     8 |    32 ||    40
       Iskenderun's Batt |       |       |       |     2 ||     2
Invok: Divine Energy     |       |       |       |     1 ||     1
  Use: Scroll            |       |       |    11 |    11 ||    22
       Potion            |       |       |     1 |     2 ||     3
 Stab: Sleeping          |       |       |       |     1 ||     1
  Eat: Chunk             |     1 |     7 |    16 |    41 ||    65
       Royal jelly       |       |       |       |     1 ||     1
Armor: Robe              |     4 |     8 |    58 |    62 ||   132
       Troll leather arm |       |       |       |     7 ||     7
Dodge: Dodged            |    12 |    21 |   134 |   152 ||   319
